 Dungeon Crawl Stone Soup version 0.28-a0-697-g47f3eba078 (webtiles) character file.

Game seed: 2154037380957373892

707 RepHenryClay the Chopper (level 7, 0/93 HPs)
             Began as a Naga Fighter on Oct 23, 2021.
             Slain by a killer bee (2 damage)
             ... on level 5 of the Dungeon.
             The game lasted 00:08:01 (4959 turns).

RepHenryClay the Chopper (Naga Fighter)             Turns: 4959, Time: 00:08:01

Health: 0/93       AC:  6    Str: 20    XL:     7   Next: 67%
Magic:  5/5        EV:  7    Int:  8    God:
Gold:   255        SH:  4    Dex: 11    Spells: 6/6 levels left

rFire   + . .      SeeInvis +   a - +0 war axe
rCold   . . .      Faith    .   c - +0 buckler
rNeg    . . .      Spirit   .   f - +0 scale mail {rF+}
rPois   +          Reflect  .   (helmet restricted)
rElec   .          Harm     .   t - scarf {repulsion}
rCorr   .          Rampage  .   (no gloves)
Will    .....                   (no barding)
Stlth   ..........              (no amulet)
HPRegen 0.25/turn               b - ring of willpower
MPRegen 0.09/turn               (no ring)

@: brilliant, berserking, weak-willed, attractive, repel missiles, quick
A: AC +2, large, see invisible, deformed body, poison resistance, slowness 2,
spit poison 1, naga tail 1, horns 1, low mp 2, MP-powered wands
a: Spit Poison


You were on level 5 of the Dungeon.
You visited 1 branch of the dungeon, and saw 5 of its levels.

You collected 255 gold pieces.

Inventory:

Hand Weapons
 a - a +0 war axe (weapon)
 p - a +1 dagger of venom
Armour
 c - a +0 buckler (worn)
 f - a +0 scale mail of fire resistance (worn)
 n - a +2 helmet
 t - a scarf of repulsion (worn)
Jewellery
 b - a ring of willpower (left hand)
Wands
 q - a wand of iceblast (6)
Scrolls
 e - a scroll of fog
Potions
 d - 2 potions of might
 g - 2 potions of degeneration
 k - 2 potions of mutation
 l - 2 potions of brilliance


   Skills:
 - Level 3.6 Fighting
 + Level 7.6 Axes
 - Level 2.9 Armour
 - Level 2.9 Shields


You had 6 spell levels left.
You didn't know any spells.
Your spell library was empty.

Dungeon Overview and Level Annotations

Branches:
Dungeon (5/15)
 Temple: D:4-7

Altars:

Shops:
D:1 *

Annotations:
D:1 1 runed translucent door
D:3 2 transporters, KoroneIsBestGirl's ghost, amateur BaIE


Innate Abilities, Weirdness & Mutations

Your serpentine skin is tough. (AC +2)
You have supernaturally acute eyesight. (SInv)
Armour fits poorly on your strangely shaped body.
Your system is resistant to poisons. (rPois)
You cover ground very slowly.
You can spit poison.
You have a snake-like lower body.
You have a pair of small horns on your head.
Your magical capacity is very low. (-20% MP)
You expend magic power (3 MP) to strengthen your wands.


Message History

* * * LOW HITPOINT WARNING * * *
The killer bee barely misses you. x2
Huge Dmg: -12%(-7hp) hp: 34%(21hp) It was a potion of attraction.
You feel attractive to monsters.
You feel sick. The killer bee stings you.
* * * LOW HITPOINT WARNING * * *
The killer bee stings you.
* * * LOW HITPOINT WARNING * * *
You block the killer bee's attack. The killer bee stings you!
* * * LOW HITPOINT WARNING * * *
You are more poisoned.
The killer bee poisons you!
Huge Dmg: -25%(-16hp) hp: 9%(5hp) It was a potion of curing.
You feel better. The killer bee stings you.
* * * LOW HITPOINT WARNING * * *
The killer bee stings you!
* * * LOW HITPOINT WARNING * * *
You are lethally poisoned!
The killer bee poisons you!
The killer bee stings you but does no damage.
You block the killer bee's attack.
Huge Dmg: -7%(-4hp) hp: 2%(1hp)
Okay, then.
You feel better.
The killer bee stings you but does no damage.
The killer bee barely misses you. x3
A red film seems to cover your vision as you go berserk!
You feel yourself moving faster!
You feel mighty! The killer bee stings you.
* * * LOW HITPOINT WARNING * * *
You block the killer bee's attack. The killer bee stings you.
* * * LOW HITPOINT WARNING * * *
The killer bee stings you.
* * * LOW HITPOINT WARNING * * *
Huge Dmg: -7%(-7hp) hp: 3%(2hp)
You miss the killer bee. You closely miss the killer bee.
You block the killer bee's attack.
The killer bee stings you but does no damage.
The killer bee stings you.
You die...

####..####...# +#
####..####...####.##.?..
......#................
......#............... y
......#.............. .y
......#...........§.. ..y
.<....#.........§yy.. y...
########...##..##y## ...#
##..####...##..##@##....##
...............§§§y§.....#
...†...........§§§§§.....#
...............§§...>....#
#...##...####.....##....##
#...##...# #..<..# #####
...................
...................#
.....(.............#


You could see 4 killer bees.

Vanquished Creatures
  A necrophage (D:4)
  2 scorpions
  A water moccasin zombie (D:5)
  A howler monkey (D:4)
  2 hounds
  Crazy Yiuf (D:4)
  An orc priest (D:3)
  3 orc wizards (D:3)
  Terence (D:2)
  Robin (D:3)
  4 gnolls
  5 adders
  A shadow imp (D:5)
  An ufetubus (D:5)
  A worm (D:3)
  A dart slug (D:1)
  5 orcs
  3 ball pythons
  8 endoplasms
  2 giant cockroaches
  14 goblins
  7 hobgoblins
  6 jackals
  8 kobolds
  5 quokkas
  4 bats
  A frilled lizard (D:1)
  4 rats
94 creatures vanquished.

Vanquished Creatures (others)
  3 fungi (D:4)
  6 plants (D:3)
9 creatures vanquished.

Grand Total: 103 creatures vanquished

Notes
Turn   | Place    | Note
-------+----------+-------------------------------------------
     0 | D:1      | RepHenryClay the Naga Fighter began the quest for the Orb.
     0 | D:1      | Reached XP level 1. HP: 21/21 MP: 1/1
     1 | D:1      | Found a runed translucent door.
     3 | D:1      | Noticed a jelly
   132 | D:1      | Found a faded altar of an unknown god.
   133 | D:1      | Noticed a floating eye
   136 | D:1      | Noticed a golden eye
   136 | D:1      | Noticed a floating eye
   136 | D:1      | Noticed a floating eye
   233 | D:1      | Reached XP level 2. HP: 16/28 MP: 2/2
   864 | D:1      | Reached XP level 3. HP: 34/34 MP: 3/3
   883 | D:1      | Found Mugoi's General Store.
  1750 | D:2      | Noticed Terence
  1757 | D:2      | Killed Terence
  1758 | D:2      | Reached XP level 4. HP: 33/43 MP: 4/4
  2292 | D:3      | Noticed Robin
  2319 | D:3      | Reached skill level 3 in Axes
  2321 | D:3      | Killed Robin
  2571 | D:3      | Reached XP level 5. HP: 49/49 MP: 5/5
  2669 | D:3      | Found a transporter.
  2675 | D:3      | Found a transporter.
  2731 | D:3      | Noticed KoroneIsBestGirl's ghost (amateur BaIE)
  2733 | D:3      | Reached skill level 4 in Axes
  3291 | D:3      | Reached skill level 5 in Axes
  3291 | D:3      | Reached XP level 6. HP: 48/56 MP: 6/6
  3931 | D:4      | Noticed a necrophage
  3949 | D:4      | Killed a necrophage
  3950 | D:4      | Reached skill level 6 in Axes
  3950 | D:4      | Reached XP level 7. HP: 56/62 MP: 7/7
  4530 | D:4      | Found a runed translucent door.
  4531 | D:4      | Noticed Crazy Yiuf
  4536 | D:4      | Killed Crazy Yiuf
  4537 | D:4      | Reached skill level 7 in Axes
  4574 | D:5      | Entered Level 5 of the Dungeon
  4953 | D:5      | Gained mutation: Your magical capacity is low. (-10% MP)
                  | [potion of mutation]
  4953 | D:5      | Gained mutation: Your magical capacity is very low. (-20%
                  | MP) [potion of mutation]
  4953 | D:5      | Gained mutation: You have a pair of small horns on your
                  | head. [potion of mutation]
  4953 | D:5      | Gained mutation: You expend magic power (3 MP) to
                  | strengthen your wands. [potion of mutation]
  4956 | D:5      | HP: 1/62 [killer bee (7)]
  4959 | D:5      | Slain by a killer bee

Illustrated notes

Levels and vault maps discovered:
D:1:      dpeg_arrival_caged_fury, layout_basic,
          hellmonk_ecumenical_altar_watching_god, serial_shops, shop
D:2:      layout_basic, uniq_terence
D:3:      layout_basic, gammafunk_ghost_gnarly_gnolls, uniq_robin
D:4:      layout_cave_pools, uniq_crazy_yiuf_cottage
D:5:      layout_gridville

Skill      XL: |  1  2  3  4  5  6  7 |
---------------+----------------------+-----
Axes           | 3 5 6 7 |  7.6
Fighting       | |  3.6
Armour         | |  2.9
Shields        | |  2.9

Action                   |  1- 3 |  4- 6 |  7- 9 || total
-------------------------+-------+-------+-------++-------
Melee: War axe           |    78 |   140 |    54 ||   272
 Abil: Spit Poison       |     8 |    31 |    14 ||    53
  Use: Scroll            |       |     3 |     4 ||     7
       Potion            |       |     1 |     6 ||     7
Armor: Scale mail        |    39 |    89 |    41 ||   169
Dodge: Dodged            |    21 |    56 |    40 ||   117
Block: Buckler           |    21 |    30 |    18 ||    69

Table legend: (Time is in decaauts)
 A = Elapsed time spent in this place.
 B = Non-inter-level travel time spent in this place.
 C = Inter-level travel time spent in this place.
 D = Time resting spent in this place.
 E = Time spent auto-exploring this place.
 F = Levels seen in this place.
 G = Mean time per level.
                   A        B        C        D        E       F      G
               +--------+--------+--------+--------+--------+-----+--------+
         Total |   6136 |   5929 |    207 |    726 |   4286 |   5 | 1227.2 |
       Dungeon |   6136 |   5929 |    207 |    726 |   4286 |   5 | 1227.2 |
               +--------+--------+--------+--------+--------+-----+--------+

Top non-repeatable levels by time:
     D:3: 2339 daAuts
     D:1: 1736 daAuts
     D:4: 877 daAuts
     D:2: 812 daAuts
     D:5: 370 daAuts
